 Dungeon Crawl Stone Soup version 0.17-a0-1614-g2062e81 (webtiles) character file.

772 Oddball22 the Sneak (level 7, -2/45 HPs)
             Began as an Octopode Warper on Aug 1, 2015.
             Was a Follower of Dithmenos.
             Slain by a centaur (7 damage)
             ... on level 5 of the Dungeon.
             The game lasted 00:21:52 (6013 turns).

Oddball22 the Sneak (Octopode Warper)               Turns: 6013, Time: 00:21:52

Health: -2/45      AC:  1    Str: 10    XL:     7   Next: 83%
Magic:  9/12       EV: 13    Int: 15    God:    Dithmenos [*.....]
Gold:   232        SH:  0    Dex: 14    Spells: 5 memorised, 2 levels left

rFire  + . .     SeeInvis .     a - +0 short sword
rCold  . . .     Clarity  .     (no shield)
rNeg   . . .     SustAt   .     (helmet restricted)
rPois  .         Gourm    .     y - amulet of faith
rElec  .         Spirit   .     p - ring of protection from fire
rCorr  .         Warding  .     (no ring)
rMut   .         Stasis   .     (no ring)
MR     .....                    (no ring)
Stlth  ++++++....               (no ring)
                                (no ring)
                                (no ring)
                                (no ring)

@: very slightly contaminated, wreathed by umbra, not resistant to hostile
enchantments, very stealthy
A: almost no armour, amphibious, 8 rings, constrict 8, camouflage 1, gelatinous
body 1
a: Renounce Religion


You were on level 5 of the Dungeon.
You worshipped Dithmenos.
Dithmenos was aware of your devotion.
You were not hungry.

You visited 2 branches of the dungeon, and saw 6 of its levels.

You collected 232 gold pieces.

Inventory:

Hand weapons
 a - a +0 short sword (weapon)
 b - a +0 blowgun
Missiles
 d - 5 tomahawks of dispersal (quivered)
 n - 11 poisoned needles
 D - 5 tomahawks
Jewellery
 f - an uncursed amulet of stasis
 p - a ring of protection from fire (left tentacle)
 y - an amulet of faith (around mantle)
Magical devices
 l - a wand of cold (7)
Scrolls
 c - a scroll of blinking
 h - 3 scrolls of remove curse
 r - 3 scrolls of identify {unknown}
 t - 3 scrolls of noise {unknown}
 u - a scroll of fog {unknown}
 v - a scroll of teleportation
 w - a scroll of immolation {unknown}
 B - a scroll of recharging {unknown}
 F - a scroll of random uselessness {unknown}
Potions
 g - a potion of curing {unknown}
 k - a potion of lignification
 s - a potion of invisibility
 z - a potion of magic {unknown}
 A - a potion of poison
 G - a potion of berserk rage
Books
 o - a book of Spatial Translocations

   Spells                             Type                      Level
   a - Apportation                    Translocation                1
   b - Blink                          Translocation                2
   c - Shroud of Golubria             Charms/Translocation         2
   d - Portal Projectile              Translocation                3
   e - Teleport Other                 Translocation                3
   f - Passage of Golubria            Translocation                4
 x - a book of Burglary

   Spells                             Type                      Level
   a - Swiftness                      Charms/Air                   2
   b - Passwall                       Transmutation/Earth          3
   c - Passage of Golubria            Translocation                4
   d - Lee's Rapid Deconstruction     Earth                        5
   e - Darkness                       Hexes                        6
   f - Invisibility                   Hexes                        6
 C - a book of Envenomations

   Spells                             Type                      Level
   a - Spider Form                    Transmutation/Poison         3
   b - Alistair's Intoxication        Transmutation/Poison         4
   c - Olgreb's Toxic Radiance        Poison                       4
   d - Poisonous Cloud                Conjuration/Poison/Air       6
Comestibles
 e - 4 bread rations
 i - 6 meat rations
 j - 2 fruits
 q - 4 chunks of flesh


   Skills:
 - Level 2.1 Fighting
 + Level 2.5 Short Blades
 + Level 2.4 Throwing
 + Level 3.2 Dodging
 * Level 6.9 Stealth
 + Level 3.8 Spellcasting
 + Level 4.6 Translocations
 + Level 1.9 Evocations


You had 2 spell levels left.
You knew the following spells:

 Your Spells              Type           Power        Failure   Level  Hunger
a - Apportation           Tloc           ###.......   2%          1    None
b - Blink                 Tloc           N/A          4%          2    ##.....
c - Shroud of Golubria    Chrm/Tloc      #.........   12%         2    ##.....
d - Portal Projectile     Tloc           ###...       10%         3    ###....
e - Teleport Other        Tloc           ###.....     10%         3    ###....


Dungeon Overview and Level Annotations

Branches:
Dungeon (5/15)             Temple (1/1) D:4

Altars:
Ashenzari
Cheibriados
Dithmenos
Elyvilon
Kikubaaqudgha
Nemelex Xobeh
Qazlal
Sif Muna
Vehumet
Yredelemnul
Zin
The Shining One


Innate Abilities, Weirdness & Mutations

You cannot wear most types of armour.
You are amphibious.
You can wear up to eight rings at the same time.
You can use your tentacles to constrict eight enemies at once.
Your skin changes colour to match your surroundings (Stealth).
Your rubbery body absorbs attacks (AC +1).


Message History

You are too injured to fight recklessly!
You are too injured to fight recklessly!
You hit the centaur but do no damage. You squeeze the centaur.
The centaur is severely wounded.
The centaur hits you.
* * * LOW HITPOINT WARNING * * *
The centaur barely misses you.
You hit the centaur. Your squeeze misses the centaur.
The centaur is severely wounded.
The centaur hits you.
* * * LOW HITPOINT WARNING * * *
Casting: Teleport Other
Confirm with . or Enter, or press ? or * to list all spells.
Aiming: Teleport Other
Press: ? - help, Shift-Dir - straight line, f/p - centaur
Aim: a centaur (severely wounded, poisoned, umbra, chance to defeat MR: 53%)
You miscast Teleport Other.
You are very lightly contaminated with residual magic.
You feel a wrenching sensation. The centaur hits you!
You die...

...#####.####.######
...### #..........
.....# #.#...#####
.....## #.#.### ........
#.....####
...########.#..##..##
...............#....#
...###########.c....+
...........c...#@...#
.######........##..##
.>..............####
.###..#...........#
......#........#.#......
....#)#.########.# .#.##
.##.#............# #
.##.#.#....#######
..#.#.#.##.#


You could see a centaur.

Vanquished Creatures
  An ice beast (D:5)
  An ogre (D:5)
  A water moccasin skeleton (D:3)
  A scorpion (D:5)
  3 orc priests
  7 worker ants
  Natasha (D:2)
  An iguana (D:4)
  An orc wizard (D:4)
  6 adders
  An ooze (D:4)
  2 adder skeletons
  A worm (D:2)
  8 giant geckos
  15 orcs
  8 bats
  8 giant cockroaches
  5 hobgoblins
  5 jackals (D:1)
  6 kobolds
  3 quokkas
  4 ball pythons
  4 giant newts
  5 goblins
  9 rats
107 creatures vanquished.

Vanquished Creatures (others)
  A goblin (D:2)
1 creature vanquished.

Grand Total: 108 creatures vanquished

Notes
Turn   | Place    | Note
--------------------------------------------------------------
     0 | D:1      | Oddball22 the Octopode Warper began the quest for the Orb.
     0 | D:1      | Reached XP level 1. HP: 14/14 MP: 3/3
   276 | D:1      | Reached skill level 1 in Stealth
   408 | D:1      | Reached XP level 2. HP: 16/19 MP: 5/5
   890 | D:1      | Reached XP level 3. HP: 24/24 MP: 6/6
  1552 | D:2      | Noticed Natasha
  1638 | D:2      | Learned a level 2 spell: Blink
  1641 | D:2      | Learned a level 2 spell: Shroud of Golubria
  1654 | D:2      | Killed Natasha
  1654 | D:2      | Reached XP level 4. HP: 18/29 MP: 6/8
  1918 | D:2      | Found a stormy altar of Qazlal.
  2219 | D:2      | Found a shattered altar of Ashenzari.
  2219 | D:2      | Found an ancient bone altar of Kikubaaqudgha.
  2323 | D:2      | Learned a level 3 spell: Portal Projectile
  2706 | D:3      | Reached skill level 4 in Stealth
  2802 | D:3      | Reached XP level 5. HP: 30/34 MP: 9/9
  2983 | D:3      | Found a glowing silver altar of Zin.
  2984 | D:3      | Found a white marble altar of Elyvilon.
  2984 | D:3      | Found a glowing golden altar of the Shining One.
  3047 | D:3      | Reached skill level 5 in Stealth
  3626 | D:3      | Found a basalt altar of Yredelemnul.
  3907 | D:4      | Reached XP level 6. HP: 39/39 MP: 10/10
  4026 | D:4      | Learned a level 3 spell: Teleport Other
  4304 | D:4      | Found a staircase to the Ecumenical Temple.
  4313 | Temple   | Entered the Ecumenical Temple
  4322 | Temple   | Became a worshipper of Dithmenos the Shadowed
  4834 | D:4      | Reached skill level 1 in Evocations
  4834 | D:4      | Reached XP level 7. HP: 28/45 MP: 12/12
  5345 | D:5      | Entered Level 5 of the Dungeon
  5488 | D:5      | Reached skill level 6 in Stealth
  5856 | D:5      | HP: 2/45 [poisoned by a worker ant]
  6013 | D:5      | Slain by a centaur

Vault maps used:
D:1:      erik_arrival_cave_to_civilisation
D:2:      gammafunk_temple_overflow_elements, grunt_qazlal_clouds,
          kennysheep_cluttered_room, uniq_natasha
D:3:      good_gods_temple_1, nicolae_overflow_hidden_temple
D:4:      minmay_opposing_rooms, lemuel_temple_firewalk_marked
D:5:      first_bread, serial_glass, glass_columns_a, glass_columns_b,
          zaba_anthole
Temple:   water_room_temple_b_12

Action                   |  1- 3 |  4- 6 |  7- 9 || total
-------------------------+-------+-------+-------++-------
Melee: Short sword       |    70 |   121 |    42 ||   233
 Fire: Blowgun           |       |    28 |    10 ||    38
 Cast: Apportation       |       |     1 |       ||     1
       Shroud of Golubri |       |     1 |       ||     1
       Teleport Other    |       |       |     4 ||     4
  Use: Scroll            |     3 |     1 |       ||     4
       Potion            |       |     1 |     6 ||     7
 Stab: Sleeping          |    12 |    21 |     3 ||    36
       Distracted        |       |     1 |     1 ||     2
  Eat: Chunk             |     1 |    11 |     4 ||    16
       Beef jerky        |       |       |     1 ||     1
